 Dungeon Crawl Stone Soup version 0.28.0-1-gb440e238dd (webtiles) character file.

Game seed: 14184382813229314302

13145 Sanktem7 the Fighter (level 11, -14/108 HPs)
             Began as a Minotaur Fighter on Feb 24, 2022.
             Was a High Priest of Okawaru.
             Demolished by a minotaur (27 damage)
             ... in a Gauntlet.
             The game lasted 00:32:50 (9688 turns).

Sanktem7 the Fighter (Minotaur Fighter)             Turns: 9688, Time: 00:32:50

Health: -14/108    AC: 15    Str: 24    XL:     11   Next: 71%
Magic:  0/10       EV:  8    Int:  5    God:    Okawaru [*****.]
Gold:   674        SH:  4    Dex: 11    Spells: 10/10 levels left

rFire   + + +      SeeInvis +   h - +9 mace (protect) {mace}
rCold   + . .      Faith    .   c - +0 buckler
rNeg    . . .      Spirit   +   L - +2 chain mail {rF+}
rPois   +          Reflect  .   o - +0 hat
rElec   +          Harm     .   u - +2 cloak {Stlth+}
rCorr   +          Rampage  .   (no gloves)
Will    .....      NoTele   +   f - -3 pair of boots "Pentul" {rF+ Regen+}
Stlth   ..........              q - amulet of guardian spirit
HPRegen 1.08/turn               t - ring of see invisible
MPRegen 0.12/turn               r - ring of protection from fire

@: resistant, invisible
A: horns 2, retaliatory headbutt, claws 1
a: Renounce Religion, Heroism, Finesse, Duel


You were in a Gauntlet.
You worshipped Okawaru.
Okawaru was extremely pleased with you.
You visited 2 branches of the dungeon, and saw 12 of its levels.
You also visited: Ossuary, Bailey and Gauntlet.

You collected 674 gold pieces.


Innate Abilities, Weirdness & Mutations

You have a pair of horns on your head.
You reflexively headbutt those who attack you in melee.
You have sharp fingernails.


   Skills:
 * Level 13.9 Fighting
 - Level 3.0(9.1) Axes
 * Level 13.3(13.4) Maces & Flails
 + Level 6.1 Throwing
 + Level 10.3 Armour
 - Level 3.6 Shields


You had 10 spell levels left.
You didn't know any spells.
Your spell library contained the following spells:

 Spells                   Type           Power      Damage    Failure   Level
 Apportation              Tloc           0%         N/A       98%         1
 Pain                     Necr           0%         1d4       98%         1
 Hailstorm                Conj/Ice       0%         3d3       100%        4
 Ice Form                 Ice/Tmut       0%         N/A       100%        4
 Passage of Golubria      Tloc           0%         N/A       100%        4
 Agony                    Necr           0%         N/A       100%        5
 Alistair's Intoxication  Tmut/Pois      0%         N/A       100%        5
 Excruciating Wounds      Necr           0%         N/A       100%        5
 Yara's Violent Unravell  Hex/Tmut       0%         3d3       100%        5
 Tukima's Dance           Hex            Unusable   N/A       N/A         3
 Simulacrum               Ice/Necr       Unusable   N/A       N/A         6

Inventory:

Hand Weapons
 h - a +9 mace of protection (weapon) {mace}
   (You found it on level 4 of the Dungeon)
Missiles
 s - 10 silver boomerangs {throwing}
 z - 3 boomerangs of dispersal (quivered) {=f!fthrowing}
 H - 9 boomerangs {throwing}
Armour
 c - a +0 buckler (worn)
 f - the -3 pair of boots "Pentul" (worn) {rF+ Regen+}
   (You acquired it on level 4 of the Dungeon)

   rF:        It protects you from fire.
   Regen:     It increases your rate of health regeneration.
 o - a +0 hat (worn)
   (You found it on level 2 of the Dungeon)
 u - a +2 cloak of stealth (worn)
   (You took it off Crazy Yiuf on level 3 of the Dungeon)
 L - a +2 chain mail of fire resistance (worn)
   (You found it in a Gauntlet)
Jewellery
 q - an amulet of guardian spirit (around neck)
   (You found it on level 3 of the Dungeon)
 r - a ring of protection from fire (right claw)
   (You found it on level 3 of the Dungeon)
 t - a ring of see invisible (left claw)
   (You found it on level 3 of the Dungeon)
 E - the ring of Ityzunlo {rN+ Int+3}
   (You found it on level 6 of the Dungeon)

   [ring of positive energy]

   Int:       It affects your intelligence (+3).
   rN:        It protects you from negative energy.
 J - the ring "Tefof" {Fire +Blink Str-3 Dex+4}
   (You found it in a Gauntlet)

   [ring of fire]

   It enhances your fire magic.
   Str:       It affects your strength (-3).
   Dex:       It affects your dexterity (+4).
   rF:        It protects you from fire.
   rC:        It makes you vulnerable to cold.
   +Blink:    It lets you blink.
 K - the ring "Renluos" {rPois Int+2 Dex+6}
   (You found it in a Gauntlet)

   [ring of dexterity]

   Int:       It affects your intelligence (+2).
   Dex:       It affects your dexterity (+6).
   rPois:     It protects you from poison.
Wands
 g - a wand of mindburst (8)
   (You found it on level 10 of the Dungeon)
 x - a wand of polymorph (3)
   (You took it off an orc on level 8 of the Dungeon)
 A - a wand of flame (19)
   (You found it on level 5 of the Dungeon)
Scrolls
 b - a scroll of brand weapon
 e - 3 scrolls of identify {@r1}
 i - 4 scrolls of fog
 j - a scroll of silence {!r}
 m - 4 scrolls of summoning
 n - 2 scrolls of enchant weapon
 w - 3 scrolls of teleportation {@r4}
 y - a scroll of magic mapping {!r}
Potions
 a - 2 potions of curing {@q1}
 d - 4 potions of might
 k - a potion of magic
 l - 5 potions of flight
 p - 2 potions of invisibility
 v - a potion of resistance
 B - 2 potions of berserk rage {!q}
 C - 3 potions of haste {@q3}
 I - 2 potions of mutation {!q}

Dungeon Overview and Level Annotations

Branches:
Dungeon (13/15)            Temple (1/1) D:5            Lair (0/6) D:10
Ossuary (visited)          Bailey (visited)         Gauntlet (1/1)
    Orc: D:9-12      Vaults: D:13-14

Altars:
Ashenzari
Cheibriados
Dithmenos
Elyvilon
Fedhas
Gozag
Hepliaklqana
Kikubaaqudgha
Makhleb
Nemelex Xobeh
Okawaru
Qazlal
Ru
Sif Muna
Trog
Uskayaw
Vehumet
Wu Jian
Xom
Yredelemnul
Zin
The Shining One

Shops:
D:4 ?

Annotations:
Gauntlet 8 transporters

...8.........................8...
..........#§#########≈#..........
§#≈#≈#§#§####.......####≈#≈#≈#§#≈
############..8.8.8..############
##...©.©.©...## #.............#
###.###.###.### ###.###.###.###
#.....H@......# #.###.###.###.#
#.###.###.###.# #.............#
#######'####### #.....# ###.###
... ≈∩≈


You could see a minotaur.


Message History

You feel resistant to fire. 😎 HP[+11] MP[+1]
Your hp is fully restored (108).
You drop a +0 chain mail.
There is a transporter here.
You start resting. 😎 MP[+7]
Your mp is fully restored (10).
You start waiting.
Done waiting.
You enter the transporter and appear at another place.
A minotaur comes into view.
It is wearing the ring "Sojauh" {+Blink rPois rF- Will+} and quivering silver javelins.
The minotaur bellows!
Found a book of Storms.
Found a gate leading back out of this place.
The minotaur throws a silver javelin.
The silver javelin pierces through you! The silver sears you! 😕 HP[-15] MP[-2]
You take 15 damage, and now have 93/108 hp.
You lost 2 mp, and now have 8/10 mp.
The minotaur hits you!! The minotaur gores you.
There is an open door, spattered with blood here. 😮 HP[-25] MP[-3]
You take 25 damage, and now have 68/108 hp.
MASSIVE DAMAGE!! (PAUSE)
You lost 3 mp, and now have 5/10 mp.
You bludgeon the minotaur!!
Your weapon exudes an aura of protection.
You headbutt the minotaur.
The minotaur hits you but does no damage.
The minotaur gores you but does no damage. 😮 HP[+1]
You thump the minotaur! You headbutt the minotaur! The minotaur hits you.
The minotaur gores you!
* * * LOW HITPOINT WARNING * * *
😨 HP[-17]
You take 17 damage, and now have 52/108 hp.
You barely miss the minotaur.
The minotaur furiously retaliates!
The minotaur headbutts you, but does no damage.
You headbutt the minotaur, but do no damage.
The minotaur hits you but does no damage.
The minotaur barely misses you. 😨 HP[+1]
You thump the minotaur!
Your headbutt misses the minotaur. 😨 HP[+1]
You sock the minotaur! The minotaur hits you!!
* * * LOW HITPOINT WARNING * * *
The minotaur gores you but does no damage. 😨 HP[-19] MP[-2]
You take 19 damage, and now have 35/108 hp.
You lost 2 mp, and now have 3/10 mp.
You sock the minotaur!
The minotaur drinks a potion.
The minotaur is healed! 😨 HP[+1]
You hit the minotaur. You block the minotaur's attack.
The minotaur gores you but does no damage. 😨 HP[+1]
You hit the minotaur but do no damage.
Your headbutt misses the minotaur. 😨 HP[+1]
You hit the minotaur. Your headbutt misses the minotaur.
The minotaur hits you but does no damage.
The minotaur gores you!
* * * LOW HITPOINT WARNING * * *
😨 HP[-8] MP[+1]
You take 8 damage, and now have 30/108 hp.
You barely miss the minotaur.
The minotaur furiously retaliates!
The minotaur headbutts you!
* * * LOW HITPOINT WARNING * * *
You headbutt the minotaur, but do no damage.
The minotaur hits you!!
* * * LOW HITPOINT WARNING * * *
The minotaur closely misses you. 😱 HP[-24] MP[-3]
You take 24 damage, and now have 6/108 hp.
MASSIVE DAMAGE!! (PAUSE)
You lost 3 mp, and now have 1/10 mp.
You fade into invisibility!
The minotaur hits you but does no damage.
The minotaur gores you but does no damage. 😱 HP[+1] 😱 HP[+1] 😱 HP[+1] 😱 HP[+1] 😱 HP[+1] 😱 HP[+1] 😱 HP[+1]
You feel protected.
The minotaur hits you but does no damage.
The minotaur closely misses you. 😱 HP[+1] MP[+1]
You feel better. The minotaur hits you!!
* * * LOW HITPOINT WARNING * * *
The minotaur barely misses you. 😱 HP[-10] MP[-2]
You take 10 damage, and now have 4/108 hp.
You lost 2 mp, and now have 0/10 mp.
Unknown command.
You feel better. The minotaur hits you!!
You die...

Skill      XL: |  1  2  3  4  5  6  7  8  9 10 11 |
---------------+----------------------------------+-----
Fighting       | 4 5 6 7 9 11 12 13 | 13.9
Axes           | 3 |  3.0
Maces & Flails | 1 2 3 4 5 6 8 10 12 13 | 13.3
Armour         | 4 5 6 7 8 9 10 | 10.3
Throwing       | 1 3 5 6 |  6.1
Shields        | |  3.6

Action                   |  1- 3 |  4- 6 |  7- 9 | 10-12 || total
-------------------------+-------+-------+-------+-------++-------
Melee: War axe           |    30 |       |       |       ||    30
       Headbutt          |     8 |    16 |    60 |    76 ||   160
       Mace              |    53 |   111 |   299 |   331 ||   794
  Use: Scroll            |       |       |    20 |     7 ||    27
       Potion            |       |       |     4 |     7 ||    11
Armor: Scale mail        |    30 |    54 |   115 |       ||   199
       Chain mail        |       |       |    32 |   248 ||   280
Dodge: Dodged            |    31 |    46 |   140 |   143 ||   360
Block: Buckler           |    19 |    27 |    61 |    73 ||   180

Levels and vault maps discovered:
D:1:      minmay_arrival_hallway, layout_basic
D:2:      wad_crossroads, layout_loops_ring, grunt_decor_mini_mirrors
D:3:      layout_basic, hellmonk_ecumenical_altar_leap_of_faith,
          corner_web_ring, uniq_crazy_yiuf_cottage, uniq_natasha
D:4:      layout_rooms, serial_shops, nicolae_shop_hallway_plus,
          minmay_pentomino_pile
D:5:      layout_loops_corners, minmay_temple_entry_poolview, enter_ossuary_1
D:6:      layout_rooms, mainiacjoe_overflow_small_starburst
D:7:      layout_basic, kennysheep_dice
D:8:      layout_basic
D:9:      layout_roguey, enter_bailey_2, serial_corexii_hall,
          chequers_hall_statues_y, corexii_hall_statues_i,
          corexii_hall_statues_i
D:10:     layout_roguey, due_lair_maze_entry_diamond
D:13:     layout_long_grid, david_vaults_3, serial_shops,
          nicolae_shop_overgrown_old_shop, gauntlet_entry_generic,
          evilmike_minifort, uniq_erolcha
Temple:   roderic_octagonal_lattice_temple
Gauntlet: minmay_gauntlet_mixed_oops_all_seconds [minmay_gauntlet_arena_77_fan,
          nicolae_gauntlet_arena_flowing_pool, minmay_gauntlet_arena_77_museum,
          gammafunk_gauntlet_arena_arrow_garden,
          minmay_gauntlet_arena_77_terracotta_army,
          nicolae_gauntlet_arena_grate_2, gauntlet_exit_watery]

Notes
Turn   | Place    | Note
-------+----------+-------------------------------------------
     0 | D:1      | Sanktem7 the Minotaur Fighter began the quest for the Orb.
     0 | D:1      | Reached XP level 1. HP: 19/19 MP: 0/0
     0 | D:1      | magus.rc [v1.9.6]
   473 | D:1      | Reached XP level 2. HP: 25/27 MP: 1/1
   612 | D:1      | Reached skill level 4 in Fighting
   631 | D:1      | Reached skill level 3 in Axes
  1018 | D:2      | Reached skill level 1 in Maces & Flails
  1027 | D:2      | Reached skill level 4 in Armour
  1062 | D:2      | Reached XP level 3. HP: 33/33 MP: 2/2
  1382 | D:2      | You pick up a book of Pain and begin reading...
  1382 | D:2      | You add the spells Pain, Agony and Excruciating Wounds to
                  | your library.
  1644 | D:2      | Reached skill level 2 in Maces & Flails
  1644 | D:2      | Reached XP level 4. HP: 34/41 MP: 3/3
  1854 | D:3      | You pick up a book of Party Tricks and begin reading...
  1854 | D:3      | You add the spells Apportation and Alistair's Intoxication
                  | to your library.
  1903 | D:3      | Found a faded altar of an unknown god.
  2054 | D:3      | Reached skill level 5 in Fighting
  2191 | D:3      | Reached skill level 3 in Maces & Flails
  2191 | D:3      | Reached XP level 5. HP: 36/48 MP: 4/4
  2345 | D:3      | Found a runed translucent door.
  2346 | D:3      | Noticed Crazy Yiuf
  2466 | D:3      | Noticed Natasha
  2475 | D:3      | Killed Natasha
  2677 | D:3      | Noticed Natasha
  2682 | D:3      | Killed Natasha
  2841 | D:3      | Killed Crazy Yiuf
  2974 | D:4      | Noticed an ogre
  2983 | D:4      | Killed an ogre
  2984 | D:4      | Reached skill level 6 in Fighting
  2984 | D:4      | Reached skill level 4 in Maces & Flails
  2984 | D:4      | Reached skill level 5 in Armour
  2984 | D:4      | Reached XP level 6. HP: 44/57 MP: 3/5
  3283 | D:4      | Reached skill level 5 in Maces & Flails
  3430 | D:4      | Noticed a sky beast
  3438 | D:4      | Killed a sky beast
  3439 | D:4      | Reached XP level 7. HP: 57/64 MP: 6/6
  3498 | D:4      | Found Heobb's Magic Scroll Boutique.
  3543 | D:4      | Reached skill level 7 in Fighting
  3693 | D:4      | Identified a scroll of acquirement
  3697 | D:4      | Acquired the -3 pair of boots "Pentul" {rF+ Regen+}
  3709 | D:4      | Gained mutation: Your muscles are strong. (Str +2) [potion
                  | of mutation]
  3727 | D:5      | Entered Level 5 of the Dungeon
  3761 | D:5      | Reached skill level 6 in Maces & Flails
  3785 | D:5      | Found a sand-covered staircase.
  3795 | Ossuary  | Entered an ossuary
  3849 | Ossuary  | Reached skill level 6 in Armour
  3871 | Ossuary  | Reached XP level 8. HP: 74/74 MP: 7/7
  3883 | Ossuary  | Reached skill level 8 in Fighting
  4101 | D:5      | Reached skill level 7 in Maces & Flails
  4489 | D:5      | Reached skill level 9 in Fighting
  4594 | D:5      | Reached skill level 8 in Maces & Flails
  4672 | D:5      | Found a staircase to the Ecumenical Temple.
  4858 | Temple   | Entered the Ecumenical Temple
  5187 | Temple   | Became a worshipper of Warmaster Okawaru
  5239 | D:6      | Noticed a kobold demonologist
  5261 | D:6      | Reached skill level 7 in Armour
  5294 | D:6      | Killed a kobold demonologist
  5294 | D:6      | Reached * piety under Okawaru
  5295 | D:6      | Reached skill level 1 in Throwing
  5295 | D:6      | Reached XP level 9. HP: 55/85 MP: 5/8
  5346 | D:6      | Identified the ring of Ityzunlo {rN+ Int+3}
  5388 | D:6      | HP: 21/84 [orc wizard/puff of flame (4)]
  5394 | D:6      | Reached skill level 10 in Fighting
  5394 | D:6      | Reached skill level 9 in Maces & Flails
  5522 | D:6      | Reached skill level 2 in Throwing
  5539 | D:6      | Found a white marble altar of Elyvilon.
  6440 | D:7      | Noticed a red ugly thing
  6448 | D:7      | Killed a red ugly thing
  6448 | D:7      | Reached ** piety under Okawaru
  6449 | D:7      | Reached skill level 10 in Maces & Flails
  6449 | D:7      | Reached skill level 3 in Throwing
  6449 | D:7      | Reached skill level 8 in Armour
  6590 | D:8      | Reached skill level 11 in Fighting
  6879 | D:8      | Reached XP level 10. HP: 81/95 MP: 7/9
  6920 | D:8      | You pick up a book of the Tundra and begin reading...
  6920 | D:8      | You add the spells Hailstorm and Ice Form to your library.
  7437 | D:9      | Noticed a two-headed ogre
  7452 | D:9      | Killed a two-headed ogre
  7452 | D:9      | Reached *** piety under Okawaru
  7453 | D:9      | Reached skill level 11 in Maces & Flails
  7453 | D:9      | Reached skill level 4 in Throwing
  7640 | D:9      | HP: 22/97 [orc priest (4)]
  7646 | D:9      | HP: 24/97 [orc priest/divine providence (11)]
  7648 | D:9      | Reached skill level 12 in Fighting
  7654 | D:9      | HP: 22/97 [orc priest (7)]
  7659 | D:9      | HP: 21/97 [orc priest (5)]
  7663 | D:9      | HP: 8/97 [orc priest/nerve-wracking pain (9)]
  7738 | D:9      | Found a flagged portal.
  7747 | Bailey   | Entered a bailey
  7756 | Bailey   | Reached skill level 9 in Armour
  7815 | Bailey   | Reached **** piety under Okawaru
  7857 | Bailey   | Noticed Prince Ribbit
  7857 | Bailey   | Noticed a vault guard
  7871 | Bailey   | Killed a vault guard
  7871 | Bailey   | Received a gift from Okawaru
  7877 | Bailey   | Killed Prince Ribbit
  7878 | Bailey   | Reached skill level 12 in Maces & Flails
  7924 | Bailey   | Noticed a vault guard
  7937 | Bailey   | Killed a vault guard
  7937 | Bailey   | Received a gift from Okawaru
  7937 | Bailey   | Reached ***** piety under Okawaru
  7938 | Bailey   | Reached skill level 5 in Throwing
  7938 | Bailey   | Reached XP level 11. HP: 68/105 MP: 5/10
  8130 | D:9      | You add the spells Passage of Golubria and Yara's Violent
                  | Unravelling to your library.
  8218 | D:9      | Noticed a two-headed ogre
  8229 | D:9      | Killed a two-headed ogre
  8375 | D:9      | Lost mutation: Your muscles are strong. (Str +2) [potion of
                  | mutation]
  8375 | D:9      | Gained mutation: You have sharp fingernails. [potion of
                  | mutation]
  8379 | D:10     | Entered Level 10 of the Dungeon
  8449 | D:10     | Received a gift from Okawaru
  8450 | D:10     | Reached skill level 13 in Fighting
  8638 | D:10     | Received a gift from Okawaru
  8639 | D:10     | Found a staircase to the Lair.
  8712 | D:10     | Noticed a two-headed ogre
  8726 | D:10     | Killed a two-headed ogre
  9021 | D:10     | You fall into a shaft and drop 3 floors!
  9107 | D:13     | Noticed Erolcha
  9113 | D:13     | Killed Erolcha
  9113 | D:13     | Received a gift from Okawaru
  9114 | D:13     | Reached skill level 13 in Maces & Flails
  9114 | D:13     | Reached skill level 10 in Armour
  9184 | D:13     | Found a gate leading to a gauntlet.
  9195 | Gauntlet | Entered a Gauntlet
  9195 | Gauntlet | Found a transporter.
  9198 | Gauntlet | Found a transporter.
  9199 | Gauntlet | Noticed a seven-headed hydra
  9200 | Gauntlet | Found a transporter.
  9201 | Gauntlet | Found a transporter.
  9202 | Gauntlet | Noticed a reaper
  9204 | Gauntlet | Found a transporter.
  9205 | Gauntlet | Found a transporter.
  9212 | Gauntlet | Noticed a red ugly thing
  9213 | Gauntlet | Found a transporter.
  9213 | Gauntlet | Noticed an orange crystal statue
  9213 | Gauntlet | Noticed a great orb of eyes
  9218 | Gauntlet | Found a transporter.
  9281 | Gauntlet | Found a transporter.
  9289 | Gauntlet | Found a transporter.
  9293 | Gauntlet | Found a transporter.
  9309 | Gauntlet | Found a transporter.
  9380 | Gauntlet | Killed a seven-headed hydra
  9381 | Gauntlet | Reached skill level 6 in Throwing
  9393 | Gauntlet | Identified the ring "Tefof" {Fire +Blink Str-3 Dex+4}
  9448 | Gauntlet | Identified the ring "Renluos" {rPois Int+2 Dex+6}
  9463 | Gauntlet | Killed an orange crystal statue
  9666 | Gauntlet | Identified the ring "Sojauh" {+Blink rPois rF- Will+}
  9666 | Gauntlet | Noticed a minotaur
  9678 | Gauntlet | HP: 23/108 [minotaur's headbutt (7)]
  9678 | Gauntlet | HP: 6/108 [minotaur (18)]
  9687 | Gauntlet | HP: 4/108 [minotaur (18)]
  9688 | Gauntlet | Demolished by a minotaur

Vanquished Creatures
  A hydra (Gauntlet)
  Erolcha (D:13)
  3 two-headed ogres
  2 vault guards (Bailey)
  An orange crystal statue (Gauntlet)
  An ugly thing (D:7)
  A torpor snail (Gauntlet)
  A kobold demonologist (D:6)
  A troll (D:8)
  Prince Ribbit (Bailey)
  8 yaks
  A human (Bailey)
  2 vampire mosquitoes (D:13)
  5 water moccasins
  2 ice beasts (D:5)
  4 black bears
  An orc warrior (D:9)
  3 sky beasts
  A necrophage (D:5)
  A centaur (D:8)
  2 ogres (D:4)
  2 phantoms (D:6)
  5 kobold brigands
  9 bullfrogs
  7 scorpions
  A water moccasin zombie (D:7)
  A wyvern skeleton (D:7)
  A water moccasin skeleton (D:5)
  15 killer bees
  An electric eel (D:7)
  4 howler monkeys
  8 centaur zombies
  Crazy Yiuf (D:3)
  2 gnoll shamans
  3 hounds (D:5)
  6 orc priests
  An iguana (D:4)
  Natasha (twice) (D:3)
  11 orc wizards
  5 mummies (Ossuary)
  A howler monkey zombie (D:9)
  A howler monkey skeleton (D:4)
  10 adders
  8 gnolls
  A shadow imp (D:6)
  An adder skeleton (D:4)
  An adder zombie (D:5)
  37 orcs
  5 endoplasms
  A giant cockroach (D:2)
  13 goblins
  11 hobgoblins
  4 jackals (D:2)
  23 kobolds
  3 quokkas
  9 ball pythons
  A bat (D:1)
  3 frilled lizards (D:2)
  3 hobgoblin zombies (Ossuary)
  A quokka skeleton (D:4)
  5 rats
270 creatures vanquished.

Vanquished Creatures (others)
  An orc wizard (D:5)
  12 demonic plants (Gauntlet)
  11 fungi (D:10)
  11 plants (D:10)
  3 withered plants (Gauntlet)
38 creatures vanquished.

Grand Total: 308 creatures vanquished

Table legend:
 A = Non-vault XP
 B = Vault XP
 C = Vault XP percentage of total XP
 D = Non-vault monster count
 E = Vault monster count
 F = Vault count percentage of total count
                 A         B        C        D         E       F
            +---------+---------+-------+---------+---------+-------
      Total |   10763 |    8016 |  42.7 |     216 |      55 |  20.3
            +---------+---------+-------+---------+---------+-------
        D:1 |      19 |       0 |   0.0 |      11 |       0 |   0.0
        D:2 |      51 |      30 |  37.0 |      24 |       4 |  14.3
        D:3 |     142 |      77 |  35.2 |      21 |       2 |   8.7
        D:4 |     623 |      37 |   5.6 |      20 |       5 |  20.0
        D:5 |    1156 |       0 |   0.0 |      20 |       0 |   0.0
        D:6 |    1473 |       0 |   0.0 |      20 |       0 |   0.0
        D:7 |     970 |      79 |   7.5 |      18 |       2 |  10.0
        D:8 |    1540 |       0 |   0.0 |      29 |       0 |   0.0
        D:9 |    3178 |       0 |   0.0 |      40 |       0 |   0.0
       D:10 |    1249 |    1751 |  58.4 |      11 |       8 |  42.1
       D:13 |     362 |     861 |  70.4 |       2 |       1 |  33.3
    Ossuary |       0 |     272 | 100.0 |       0 |      12 | 100.0
     Bailey |       0 |    2922 | 100.0 |       0 |      18 | 100.0
   Gauntlet |       0 |    1987 | 100.0 |       0 |       3 | 100.0
            +---------+---------+-------+---------+---------+-------

Illustrated notes

Table legend:
 A = Kills in this place as a percentage of kills in entire the game.
 B = Kills by you in this place as a percentage of kills by you in the entire game.
 C = Kills by friends in this place as a percentage of kills by friends in the entire game.
 D = Other kills in this place as a percentage of other kills in the entire game.
 E = Experience gained in this place as a percentage of experience gained in the entire game.
 F = Experience gained in this place divided by the number of levels of this place that you have seen.
                   A       B       C       D       E      F
               +-------+-------+-------+-------+-------+----------------------
         Total | 100.0 | 100.0 |   N/A | 100.0 | 100.0 | 1251.9
       Dungeon |  87.8 |  87.8 |   N/A | 100.0 |  72.4 | 1236.2
       Ossuary |   4.4 |   4.4 |   N/A |   0.0 |   1.4 | 272.0
        Bailey |   6.6 |   6.7 |   N/A |   0.0 |  15.6 | 2922.0
      Gauntlet |   1.1 |   1.1 |   N/A |   0.0 |  10.6 | 1987.0
               +-------+-------+-------+-------+-------+----------------------

Table legend: (Time is in decaauts)
 A = Elapsed time spent in this place.
 B = Non-inter-level travel time spent in this place.
 C = Inter-level travel time spent in this place.
 D = Time resting spent in this place.
 E = Time spent auto-exploring this place.
 F = Levels seen in this place.
 G = Mean time per level.
                   A        B        C        D        E       F      G
               +--------+--------+--------+--------+--------+-----+--------+
         Total |   9702 |   9447 |    255 |    677 |   6233 |  15 |  646.8 |
       Dungeon |   8447 |   8249 |    198 |    442 |   5809 |  11 |  767.9 |
        Temple |    350 |    293 |     57 |      0 |    270 |   1 |  350.0 |
       Ossuary |    131 |    131 |      0 |     24 |      0 |   1 |  131.0 |
        Bailey |    282 |    282 |      0 |     30 |     32 |   1 |  282.0 |
      Gauntlet |    490 |    490 |      0 |    181 |    122 |   1 |  490.0 |
               +--------+--------+--------+--------+--------+-----+--------+

Top non-repeatable levels by time:
     D:2: 1105 daAuts
     D:3: 1103 daAuts
     D:5: 1021 daAuts
     D:4: 839 daAuts
     D:9: 755 daAuts
     D:8: 738 daAuts
     D:1: 731 daAuts
     D:7: 680 daAuts
     D:6: 675 daAuts
    D:10: 624 daAuts
Gauntlet: 490 daAuts
  Temple: 350 daAuts
  Bailey: 282 daAuts
    D:13: 171 daAuts
 Ossuary: 131 daAuts
